Map: Moonlight Madness LE (Void)

Players

AreS

  • Race: Terran Terran
  • League: Grandmaster

DankkkMemes - Winner!

  • Race: Zerg Zerg
  • League: Diamond

VOD

Have the link to the VOD?

Description

Time

  • Played on: Aug. 20, 2015, 9:30 p.m.
  • Length: 10:03
Show
View Real Time Build Order
Export as new Build Order

AreS Terran 

Build Orders: Reaper Expand 

Get SALT Encoding   

  12  0:00  SCV  
  13  0:12  SCV  
  14  0:21  Supply Depot  
  14  0:25  SCV  
  15  0:42  SCV  
  16  0:43  Barracks  
  16  0:45  Refinery  
  16  0:54  SCV  
  17  1:06  SCV  
  18  1:18  SCV  
  19  1:31  Command Center, Reaper  
  20  1:34  SCV  
  21  1:42  Supply Depot  
  21  1:46  SCV  
  22  1:58  SCV  
  23  2:04  Reaper  
  24  2:10  SCV  
  25  2:22  SCV  
  26  2:34  SCV  
  27  2:45  Orbital Command  
  27  2:47  SCV  
  28  2:54  Barracks Reactor  
  28  2:57  Factory  
  28  2:59  SCV  
  28  3:02  Command Center  
  29  3:05  Orbital Command  
  29  3:10  Refinery  
  29  3:11  SCV  
  30  3:23  SCV  
  31  3:31  Engineering Bay  
  31  3:35  SCV  
  32  3:47  SCV, Barracks Tech Lab  
  32  3:48  SCV  
  34  3:49  Supply Depot  
  34  3:59  SCV  
  34  4:00  SCV  
  34  4:02  Hellion x2  
  38  4:04  Supply Depot  
  38  4:10  Orbital Command  
  38  4:11  SCV  
  38  4:12  Armory  
  38  4:13  Starport  
  38  4:23  Hellion  
  37  4:31  Barracks  
  37  4:32  Barracks  
  37  4:41  SCV x2  
  39  4:48  Hellion  
  41  4:53  SCV  
  41  4:54  SCV  
  43  5:00  Raven, Marine  
  43  5:01  SCV  
  47  5:09  Terran Vehicle Weapons Level 1  
  47  5:15  Hellion x2  
  47  5:19  Terran Infantry Weapons Level 1  
  51  5:31  SCV  
  52  5:36  Hellion x2, Barracks Tech Lab  
  52  5:37  Barracks Tech Lab, Refinery x2  
  56  5:48  SCV  
  57  5:52  SCV  
  58  5:58  Supply Depot  
  58  5:59  Marine  
  58  6:06  SCV  
  58  6:09  SCV  
  60  6:14  Combat Shields, Concussive Shells  
  60  6:16  Marine x2  
  62  6:19  SCV  
  62  6:21  SCV  
  62  6:25  Supply Depot  
  64  6:28  Siege Tank  
  64  6:29  Barracks Reactor, Hellion x2  
  64  6:30  Medivac  
  64  6:31  SCV  
  70  6:34  Marauder  
  70  6:39  SCV x2  
  74  6:42  Marine  
  74  6:43  Engineering Bay  
  74  6:44  Medivac  
  77  6:55  Marine  
  77  7:01  Marauder  
  80  7:02  Refinery  
  80  7:07  Planetary Fortress  
  80  7:08  SCV x2  
  82  7:15  Marine  
  82  7:16  Marauder, Marine  
  82  7:19  Terran Infantry Armor Level 1  
  82  7:20  Bunker  
  82  7:22  Marauder  
  88  7:33  Marine x2  
  90  7:42  Marauder  
  92  7:49  Marauder  
  92  7:50  SCV x2  
  92  7:51  Missile Turret, Marine x2  
  96  7:55  Supply Depot  
  96  7:58  Siege Tank  
  101  8:07  Supply Depot x2  
  101  8:17  Medivac x2, Marine x2  
  108  8:20  Marine  
  108  8:26  Orbital Command, Marine  
  109  8:35  Marauder x2  
  109  8:37  Infernal Pre-Igniter  
  109  8:39  Siege Tank  
  116  8:42  Refinery  
  116  8:47  Medivac  
  118  8:56  Marauder x2  
  122  9:12  Marine x2  
  122  9:16  SCV  
  125  9:18  Marauder x2  
  125  9:22  Barracks  
  125  9:23  Barracks x2  
  129  9:29  Siege Tank  
  129  9:30  Marine  
  133  9:37  Marine  
  134  9:39  Marauder x2  
  141  9:54  Supply Depot  
Show
View Real Time Build Order
Export as new Build Order

DankkkMemes Zerg - Winner!

Build Orders: Hatch First, Lurkers 

Get SALT Encoding   

  12  0:01  Drone  
  13  0:12  Overlord  
  13  0:23  Drone  
  14  0:32  Drone x2  
  16  0:42  Drone  
  17  0:50  Drone  
  18  1:00  Hatchery  
  17  1:07  Drone x2  
  17  1:09  Extractor  
  18  1:19  Spawning Pool  
  17  1:27  Drone  
  17  1:29  Drone  
  19  1:40  Overlord  
  19  2:02  Hatchery  
  19  2:06  Queen  
  20  2:11  Metabolic Boost  
  20  2:20  Queen  
  22  2:23  Zergling x2  
  22  2:26  Zergling x2  
  24  2:34  Spore Crawler  
  22  2:45  Queen  
  25  2:55  Drone x2  
  25  2:56  Queen  
  29  3:12  Drone x5  
  33  3:31  Zergling x4  
  33  3:32  Zergling x6  
  38  3:34  Drone x3  
  41  3:44  Overlord  
  41  3:54  Overlord  
  41  3:59  Drone  
  41  4:02  Queen  
  44  4:03  Overlord  
  44  4:09  Drone  
  45  4:10  Drone x5  
  45  4:13  Extractor  
  49  4:17  Drone  
  49  4:18  Drone x3  
  53  4:26  Drone x3  
  56  4:33  Spore Crawler  
  56  4:36  Spore Crawler x2  
  53  4:41  Drone  
  53  4:42  Drone x2, Spore Crawler  
  56  4:52  Drone  
  56  4:53  Drone x5  
  56  4:56  Spine Crawler  
  56  4:57  Extractor  
  56  4:59  Lair  
  59  5:11  Drone  
  59  5:12  Drone x3  
  59  5:14  Evolution Chamber x2  
  61  5:23  Drone x5  
  66  5:29  Overlord  
  66  5:30  Overlord  
  66  5:37  Overlord x2  
  66  5:40  Zerg Ground Armor Level 1  
  66  5:46  Zerg Melee Weapons Level 1  
  66  5:52  Baneling Nest  
  65  6:01  Drone x2  
  65  6:02  Drone x6  
  73  6:06  Zergling x6  
  76  6:12  Spine Crawler  
  76  6:14  Spine Crawler  
  76  6:16  Hatchery  
  73  6:21  Zergling x14  
  80  6:35  Centrifical Hooks  
  80  6:38  Hydralisk Den, Zergling x2  
  80  6:39  Zergling x12  
  86  6:44  Queen  
  86  6:45  Overlord x2  
  88  6:54  Drone  
  88  6:55  Lurker Den  
  88  6:58  Extractor  
  87  7:04  Drone  
  87  7:05  Drone x6  
  87  7:08  Extractor  
  93  7:09  Extractor  
  92  7:26  Drone x4  
  92  7:27  Drone x5  
  101  7:46  Baneling x9  
  101  7:47  Baneling x4  
  101  7:55  Hydralisk  
  103  7:59  Drone x5  
  103  8:00  Drone x8, Queen, Extractor  
  103  8:01  Extractor  
  103  8:02  Spore Crawler  
  103  8:04  Spine Crawler  
  103  8:05  Spine Crawler x2  
  113  8:08  Zergling x4  
  113  8:09  Zergling x2  
  115  8:14  Baneling x2  
  115  8:15  Zergling x6, Baneling x6  
  117  8:34  Lurker, Hydralisk  
  117  8:37  Overlord x3  
  119  8:54  Queen  
  121  8:57  Hydralisk x9  
  121  8:58  Hydralisk x2  
  143  9:08  Overlord x2  
  143  9:10  Baneling  
  143  9:11  Baneling x6  
  143  9:16  Overlord x2  
  143  9:26  Zergling x10  
  143  9:27  Zergling x16  
  143  9:28  Lurker  
  143  9:29  Lurker x2  
Tags
 
Add a new tag
Caveats
  • Supply blocks, unpowered buildings, or Contaminate may cause inaccurate times.
  • Supply counts are checked every 10 seconds.